 Dungeon Crawl Stone Soup version 0.31-a0-667-g39726597b9 (webtiles) character file.

Game seed: 13387627307709442733

34972 greenreed the Grappler (level 13, -10/76 HPs)
             Began as a Vine Stalker Shapeshifter on Sept 3, 2023.
             Was an Initiate of Ru.
             Mangled by a cyan ugly thing (13 damage)
             ... on level 14 of the Dungeon.
             The game lasted 00:33:13 (11387 turns).

greenreed the Grappler (Vine Stalker Shapeshifter) Turns: 11387, Time: 00:33:15

Health: -10/76     AC: 17    Str: 27    XL:     13   Next: 80%
Magic:  0/14       EV: 17    Int:  9    God:    Ru [......]
Gold:   864        SH:  0    Dex: 15    Spells: 12/12 levels left

rFire   . .          .
                       - Unarmed
rCold   . . .        (shield currently unavailable)
rNeg    + . .        Z - +3 chain mail
rPois   +            R - +0 helmet
rElec   .            v - +2 ratskin cloak {*Rats rPois rN+ Str-1 Int-1 Dex+1}
rCorr   .            V - +0 pair of gloves
SInv    .            q - +0 pair of boots
Will    +....        w - amulet of faith Stlth
                     h - +5 ring of evasion
HPRegen 1.12/turn    T - +6 ring of strength
MPRegen 0.14/turn

%: guardian spirit, faith
@: flux-form, glowing
A: glow, contaminating, fangs 3, regeneration 1, screaming 2, magic shield,
antimagic bite, no potion heal 2
a: Begin Untransformation, Renounce Religion


You were on level 14 of the Dungeon.
You worshipped Ru.
Ru was noncommittal.
You were something dangerously unstable.
You visited 2 branches of the dungeon, and saw 15 of its levels.
You also visited: Ossuary.

You collected 864 gold pieces.

Inventory:

Hand Weapons
 i - a +2 sling of freezing
Missiles
 F - 3 darts of dispersal
 O - a throwing net
Armour
 q - a +0 pair of boots (worn)
 v - the +2 ratskin cloak (worn) {*Rats rPois rN+ Str-1 Int-1 Dex+1}
   (You found it on level 3 of the Dungeon)

   *Rats:     When the wearer is hurt, rats may emerge from it to assist them.
   Str-1:     It affects your strength (-1).
   Int-1:     It affects your intelligence (-1).
   Dex+1:     It affects your dexterity (+1).
   rPois:     It protects you from poison rN+: It protects you from negative
   energy.
 R - a +0 helmet (worn)
 V - a +0 pair of gloves (worn)
 Z - a +3 chain mail (worn)
Jewellery
 h - a +5 ring of evasion (left hand)
 w - an amulet of faith (around neck)
 N - a ring of flight
 T - a +6 ring of strength (right hand)
 Y - an amulet of reflection
Talismans
 c - a beast talisman
 d - a flux talisman (active)
 n - a blade talisman
Wands
 f - a wand of flame (4)
 H - a wand of digging (5)
 I - a wand of roots (10)
 J - a wand of paralysis (22)
 M - a wand of polymorph (15)
 P - a wand of acid (10)
Scrolls
 g - 3 scrolls of teleportation {unknown}
 k - 4 scrolls of noise
 m - 6 scrolls of amnesia
 p - 4 scrolls of immolation
 r - 2 scrolls of identify
 s - 3 scrolls of revelation
 t - 3 scrolls of poison
 u - a scroll of butterflies {unknown}
 D - 2 scrolls of enchant armour
 G - 3 scrolls of fear
 K - 2 scrolls of vulnerability
 W - a scroll of fog {unknown}
Potions
 a - 2 potions of haste {unknown}
 b - 3 potions of lignification
 e - 3 potions of curing
 j - 4 potions of brilliance
 o - 2 potions of mutation {unknown}
 x - a potion of enlightenment {unknown}
 z - 5 potions of resistance
 A - 3 potions of might {unknown}
 B - a potion of magic {unknown}
 C - a potion of invisibility {unknown}
 E - 2 potions of cancellation {unknown}
 L - 2 potions of degeneration {unknown}
Miscellaneous
 l - a tin of tremorstones (2/2)
 Q - a lightning rod (4/4)


   Skills:
 * Level 12.4 Fighting
 + Level 8.2 Dodging
 * Level 13.8 Unarmed Combat
 + Level 9.7 Shapeshifting


You had 12 spell levels left.
You didn't know any spells.
Your spell library contained the following spells:

 Spells                   Type           Power      Damage    Failure   Level
 Kiss of Death            Conj/Necr      0%         2d5       91%         1
 Sandblast                Erth           0%         2d4       91%         1
 Shock                    Conj/Air       0%         1d3       91%         1
 Sting                    Tmut/Pois      0%         1d3       91%         1
 Poisonous Vapours        Pois/Air       0%         N/A       97%         2
 Wereblood                Tmut           0%         N/A       97%         2
 Confusing Touch          Hex            0%         N/A       100%        3
 Swiftness                Air            0%         N/A       100%        3
 Airstrike                Air            0%         2d(0-16)  100%        4
 Dispel Undead            Necr           0%         3d6       100%        4
 Manifold Assault         Tloc           0%         N/A       100%        4
 Olgreb's Toxic Radiance  Pois           0%         N/A       100%        4
 Alistair's Intoxication  Tmut/Pois      0%         N/A       100%        5
 Borgnjor's Vile Clutch   Necr/Erth      0%         N/A       100%        5
 Freezing Cloud           Conj/Ice/Air   0%         6-21      100%        5
 Irradiate                Conj/Tmut      0%         3d11      100%        5
 Summon Mana Viper        Hex/Summ       0%         N/A       100%        5
 Yara's Violent Unravell  Hex/Tmut       0%         3d3       100%        5
 Dispersal                Tloc           0%         N/A       100%        6
 Eringya's Noxious Bog    Tmut/Pois      0%         4d6       100%        6
 Disjunction              Tloc           0%         N/A       100%        8
 Shatter                  Erth           0%         3d5*      100%        9


Dungeon Overview and Level Annotations

Branches:
Dungeon (14/15)            Temple (1/1) D:4            Lair (0/5) D:10
    Orc (0/2) D:10        Ossuary (visited)
 Vaults: D:13-14

Altars:
Ashenzari
Cheibriados
Dithmenos
Elyvilon
Fedhas
Gozag
Hepliaklqana
Kikubaaqudgha
Makhleb
Nemelex Xobeh
Okawaru
Qazlal
Ru
Sif Muna
Trog
Uskayaw
Vehumet
Wu Jian
Xom
Yredelemnul
Zin
The Shining One


Innate Abilities, Weirdness & Mutations

You are something dangerously unstable.
You glow with magical radiation, making you easy to see and hit.
Foes you strike become dangerously contaminated with magical radiation.
You are incapable of wielding weapons or throwing items.
You have razor-sharp teeth.
Your natural rate of healing is unusually fast.
You frequently scream uncontrollably at your foes.
When hurt, damage is shared between your health and your magic reserves.
Your bite disrupts and absorbs the magic of your enemies.
Potions cannot restore your health.


Message History

The cyan ugly thing bites you. The cyan ugly thing shocks you!
* * * LOW HITPOINT WARNING * * *
A hell rat scurries out from under your cloak.
The purple ugly thing barely misses your hell rat.
Your hell rat bites the purple ugly thing!
The cyan ugly thing closely misses your hell rat.
The purple ugly thing basks in the mutagenic energy from its kin and changes!
The purple ugly thing barely misses your hell rat.
Your hell rat bites the purple ugly thing!
The purple ugly thing dies!
Your hell rat bites the cyan ugly thing.
The cyan ugly thing bites your hell rat!
The cyan ugly thing shocks your hell rat!
Your hell rat dies!
The cyan ugly thing attacks as it pursues you!
The cyan ugly thing closely misses you. The cyan ugly thing bites you.
* * * LOW HITPOINT WARNING * * *
The cyan ugly thing shocks you!
* * * LOW HITPOINT WARNING * * *
A hell rat scurries out from under your cloak.
You completely miss the cyan ugly thing.
You bite the cyan ugly thing. You drain its power.
You feel invigorated.
The cyan ugly thing is lightly wounded.
The green ugly thing barely misses your hell rat.
You closely miss the cyan ugly thing.
The cyan ugly thing is lightly wounded.
The cyan ugly thing bites you.
* * * LOW HITPOINT WARNING * * *
The cyan ugly thing shocks you!
* * * LOW HITPOINT WARNING * * *
Unknown command.
Unknown command.
You punch the cyan ugly thing!
The cyan ugly thing begins to glow.
Your bite misses the cyan ugly thing.
The cyan ugly thing is moderately wounded.
The green ugly thing barely misses your hell rat.
The cyan ugly thing bites you.
* * * LOW HITPOINT WARNING * * *
The cyan ugly thing shocks you!
You die...

###.######## #.# #.# #.# #.#
#.# ###.######## #.#
..)......... #.#
)##.############.#######
.##.# #............. .##.#
#.####.####### .##.#######.#
#B# .##.........####u###
............##..ur.#
.#.#######.###.#.#r######.##
...# #.# #.#...u........
..## #..........†.r...#. ..#
#####.....######## ..#
####### ..#


You could see 3 ugly things and 2 friendly hell rats.

Vanquished Creatures
  Josephine (D:13)
  A yaktaur captain (D:14)
  A hydra (D:9)
  Erolcha (D:13)
  Fannar (D:10)
  3 catoblepae
  3 boulder beetles
  2 centaur warriors
  6 two-headed ogres
  Urug (D:10)
  2 cyclopes
  A manticore (D:11)
  3 ugly things
  Maurice (D:12)
  A black mamba (shapeshifter) (D:9)
  Joseph (D:10)
  5 gargoyles
  An unseen horror (D:12)
  2 yaktaurs (D:14)
  A komodo dragon (D:10)
  A freezing wraith (D:14)
  4 trolls
  A queen bee (shapeshifter) (D:14)
  12 slime creatures
  A wyvern (D:11)
  26 yaks
  3 wraiths (D:13)
  3 steam dragons (D:8)
  6 vampire mosquitoes
  2 wargs (D:10)
  3 acid dragons
  Duvessa (D:4)
  A sky beast (D:7)
  5 black bears
  2 ice beasts
  7 orc warriors
  5 boggarts (D:13)
  5 centaurs
  2 kobold brigands
  2 gnoll sergeants
  2 scorpions
  13 wights
  Dowan (D:4)
  10 killer bees
  5 hounds
  6 orc priests
  2 sleepcaps
  3 iguanas
  12 orc wizards
  3 mummies (Ossuary)
  4 adders
  10 gnolls
  2 ufetubi
  4 adder zombies (Ossuary)
  2 worms
  5 dart slugs
  64 orcs
  3 bats
  2 bat zombies (D:9)
  3 endoplasms
  3 giant cockroaches
  11 goblins
  4 hobgoblins
  5 jackals (D:4)
  16 kobolds
  6 quokkas
  2 training dummies (D:4)
  6 ball pythons
  5 frilled lizards
  8 goblin zombies (Ossuary)
  2 hobgoblin zombies (Ossuary)
  2 kobold zombies (Ossuary)
  3 rats
  3 rat zombies
362 creatures vanquished.

Vanquished Creatures (collateral kills)
  A catoblepas (D:9)
  2 centaur warriors
  An ugly thing (D:14)
  A yak (D:9)
  2 vampire mosquitoes (D:14)
  An ice beast (D:6)
  An ogre (D:5)
  2 centaurs (D:9)
  A hound (D:5)
  An iguana (D:5)
  A gnoll (D:5)
  4 orcs
  2 goblins (D:5)
  2 kobolds
22 creatures vanquished.

Grand Total: 384 creatures vanquished

Notes
Turn   | Place    | Note
-------+----------+-------------------------------------------
     0 | D:1      | greenreed the Vine Stalker Shapeshifter began the quest for
                  | the Orb.
     0 | D:1      | Reached XP level 1. HP: 9/9 MP: 2/2
    23 | D:1      | Reached skill level 1 in Fighting
   105 | D:1      | Found a faded altar of an unknown god.
   137 | D:1      | Reached XP level 2. HP: 14/14 MP: 3/3
   327 | D:1      | Got the Compilation of Grey Imprecation
   639 | D:1      | Reached XP level 3. HP: 16/18 MP: 4/4
  1172 | D:2      | Found a hide-covered altar of Uskayaw.
  1379 | D:2      | Reached XP level 4. HP: 23/23 MP: 5/5
  1526 | D:3      | Noticed a black bear
  1534 | D:3      | Killed a black bear
  1535 | D:3      | Reached skill level 4 in Unarmed Combat
  1535 | D:3      | Reached XP level 5. HP: 5/27 MP: 1/6
  1856 | D:3      | Found the +2 ratskin cloak {*Rats rPois rN+ Str-1 Int-1
                  | Dex+1}
  1905 | D:3      | Reached XP level 6. HP: 32/32 MP: 7/7
  1937 | D:3      | Found a sacrificial altar of Ru.
  2368 | D:4      | Found a staircase to the Ecumenical Temple.
  2401 | D:4      | Found a sand-covered staircase.
  2412 | Ossuary  | Entered an ossuary
  2618 | Temple   | Entered the Ecumenical Temple
  2714 | D:3      | Became a worshipper of Ru the Awakened
  2782 | D:4      | Reached skill level 5 in Unarmed Combat
  2782 | D:4      | Reached XP level 7. HP: 32/37 MP: 6/8
  3282 | D:4      | Noticed Duvessa
  3282 | D:4      | Noticed Dowan
  3292 | D:4      | Killed Duvessa
  3317 | D:4      | Killed Dowan
  3318 | D:4      | Gained mutation: You have razor-sharp teeth. [Vine Stalker
                  | growth]
  3318 | D:4      | Reached XP level 8. HP: 20/42 MP: 3/9
  3511 | D:5      | Entered Level 5 of the Dungeon
  3536 | D:5      | Found a glowing silver altar of Zin.
  3673 | D:5      | Gained mutation: You occasionally shout uncontrollably at
                  | your foes. [Ru sacrifice]
  3721 | D:5      | Reached skill level 5 in Shapeshifting
  3741 | D:5      | Reached skill level 6 in Unarmed Combat
  3752 | D:5      | Found a bloodstained altar of Trog.
  3799 | D:5      | Reached skill level 5 in Fighting
  4477 | D:6      | Reached XP level 9. HP: 47/47 MP: 10/10
  4513 | D:6      | Reached skill level 7 in Unarmed Combat
  5056 | D:7      | Gained mutation: You frequently scream uncontrollably at
                  | your foes. [Ru sacrifice]
  5871 | D:8      | Noticed a two-headed ogre
  5880 | D:8      | Killed a two-headed ogre
  5881 | D:8      | Reached skill level 8 in Unarmed Combat
  5881 | D:8      | Reached XP level 10. HP: 45/53 MP: 8/11
  5987 | D:8      | Reached skill level 5 in Dodging
  6009 | D:8      | Found a shadowy altar of Dithmenos.
  6279 | D:9      | Noticed a centaur warrior
  6290 | D:9      | Killed a centaur warrior
  6357 | D:9      | Reached skill level 9 in Unarmed Combat
  6498 | D:9      | Noticed a two-headed ogre
  6506 | D:9      | Killed a two-headed ogre
  6657 | D:9      | Found a runed translucent door.
  6657 | D:9      | Noticed a boulder beetle
  6662 | D:9      | Noticed a cyclops
  6669 | D:9      | Killed a boulder beetle
  6676 | D:9      | Killed a cyclops
  6677 | D:9      | Reached XP level 11. HP: 60/60 MP: 12/12
  6680 | D:9      | Noticed a five-headed hydra
  6685 | D:9      | Killed a five-headed hydra
  6686 | D:9      | Reached skill level 10 in Unarmed Combat
  6700 | D:9      | Noticed a centaur warrior
  6700 | D:9      | Noticed a catoblepas
  6707 | D:9      | Killed a catoblepas
  6712 | D:9      | Killed a centaur warrior
  6766 | D:9      | Found an ancient bone altar of Kikubaaqudgha.
  7190 | D:10     | Entered Level 10 of the Dungeon
  7259 | D:10     | Noticed Fannar
  7274 | D:10     | Killed Fannar
  7283 | D:10     | Noticed Joseph
  7306 | D:10     | Killed Joseph
  7307 | D:10     | Reached skill level 11 in Unarmed Combat
  7532 | D:10     | Reached skill level 10 in Fighting
  7553 | D:10     | Identified the ring "Ezinaps" {Ice *Slow Str+2 Dex+3}
  7621 | D:10     | Found a staircase to the Lair.
  7697 | D:10     | Reached XP level 12. HP: 67/67 MP: 13/13
  7743 | D:10     | Found a staircase to the Orcish Mines.
  7893 | D:10     | Noticed a two-headed ogre
  7894 | D:10     | Noticed a boulder beetle
  7912 | D:10     | Killed a two-headed ogre
  7923 | D:10     | Found the +6 shillelagh "Devastator" {shatter}
  7930 | D:10     | Killed a boulder beetle
  8071 | D:10     | Noticed Urug
  8075 | D:10     | Killed Urug
  8210 | D:11     | Noticed a two-headed ogre
  8217 | D:11     | Killed a two-headed ogre
  8284 | D:11     | Reached skill level 12 in Unarmed Combat
  8803 | D:12     | Noticed Maurice
  8803 | D:12     | Noticed a boulder beetle
  9080 | D:12     | Killed Maurice
  9093 | D:12     | Killed a boulder beetle
  9276 | D:12     | Reached XP level 13. HP: 56/74 MP: 10/14
  9512 | D:12     | You fall into a shaft and drop 2 floors!
  9562 | D:14     | Reached skill level 13 in Unarmed Combat
  9859 | D:13     | Noticed Josephine
  9873 | D:13     | Killed Josephine
 10055 | D:13     | Noticed Erolcha
 10062 | D:13     | Killed Erolcha
 10074 | D:13     | Got the Treatise on the Galvanic Gang
 11225 | D:14     | Noticed a yaktaur captain
 11253 | D:14     | Killed a yaktaur captain
 11386 | D:14     | HP: 3/76 [cyan ugly thing (7)]
 11387 | D:14     | Mangled by a cyan ugly thing

Illustrated notes

Levels and vault maps discovered:
D:1:      amcnicky_arrival_feature_with_door, layout_basic,
          ebering_ecumenical_altar_ruins
D:2:      layout_basic, basic_altar, minmay_goblin_kobold_house
D:3:      layout_loops_ring, lemuel_doored_altar
D:4:      dreamdust_elfheim, layout_gridville, minmay_temple_entry_statues,
          nicolae_ossuary_entry_ruins, st_stairs_6
D:5:      layout_gridville, trog_hazing_becter, zin_academy,
          corexii_corridor_pit
D:6:      layout_basic
D:7:      layout_loops_ring, minmay_crossroads
D:8:      layout_gridville, grunt_dithmenos_smoke, special_room
          [special_room_orc], hangedman_decor_growths,
          corexii_mini_fake_secret_closet
D:9:      layout_irregular_city, lemuel_zombie_altar_kikubaaqudgha,
          minmay_misc_feat_encased, minmay_misc_feat_rugged,
          grunt_decor_arrowhead, minivault_13
D:10:     layout_loops_ring, erik_lair_orcish_takeover, hiddenorc2_lemuel,
          dilly_guarded_unrand_devastator, uniq_joseph, uniq_fannar, uniq_urug
D:11:     layout_cave_pools
D:12:     layout_basic, patterned_corridor, uniq_maurice
D:13:     layout_stronghold, uniq_josephine, uniq_erolcha
D:14:     layout_loops_ring, david_vaults_2, infiniplex_staircase_star,
          serial_bayou_crossing
Temple:   nicolae_temple_bog_church

Skill      XL: |  1  2  3  4  5  6  7  8  9 10 11 12 13 |
---------------+----------------------------------------+-----
Fighting       | 1 2 3 4 5 6 8 10 11 12 | 12.4
Dodging        | 2 3 4 5 6 7 8 |  8.2
Unarmed Combat | 4 5 6 8 9 11 12 13 | 13.8
Shapeshifting  | 4 5 7 8 9 |  9.7

Action                     |  1- 3 |  4- 6 |  7- 9 | 10-12 | 13-15 || total
---------------------------+-------+-------+-------+-------+-------++-------
  Melee: Unarmed           |    78 |   153 |   283 |   536 |   208 ||  1258
         Bite              |    13 |    53 |    76 |   224 |    99 ||   465
         Punch             |     1 |     9 |    13 |     6 |       ||    29
 Invoke: Sacrifice Purity  |       |       |     2 |       |       ||     2
         Reject Sacrifices |       |       |       |     2 |     1 ||     3
  Evoke: Wand              |       |       |     4 |     1 |       ||     5
         Lightning rod     |       |       |       |     3 |       ||     3
    Use: Scroll            |       |       |       |    14 |       ||    14
   Stab: Sleeping          |     1 |       |       |       |       ||     1
         Distracted        |       |       |       |     1 |       ||     1
 Armour: Animal skin       |    14 |       |       |       |       ||    14
         Chain mail        |     1 |    83 |   131 |   141 |   160 ||   516
         Plate armour      |       |       |    58 |   206 |       ||   264
         Skin              |       |       |       |     2 |       ||     2
  Dodge: Dodged            |    48 |    88 |   193 |   362 |   149 ||   840
         Form:             |       |       |     1 |       |       ||     1
         Flux              |       |       |       |     1 |       ||     1

Table legend: (Time is in decaauts)
 A = Elapsed time spent in this place.
 B = Non-inter-level travel time spent in this place.
 C = Inter-level travel time spent in this place.
 D = Time resting spent in this place.
 E = Time spent auto-exploring this place.
 F = Levels seen in this place.
 G = Mean time per level.
                   A        B        C        D        E       F      G
               +--------+--------+--------+--------+--------+-----+--------+
         Total |  11196 |  10636 |    560 |    209 |   7862 |  16 |  699.8 |
       Dungeon |  11012 |  10453 |    559 |    209 |   7792 |  14 |  786.6 |
        Temple |      1 |      0 |      1 |      0 |      0 |   1 |    1.0 |
       Ossuary |    182 |    182 |      0 |      0 |     70 |   1 |  182.0 |
               +--------+--------+--------+--------+--------+-----+--------+

Top non-repeatable levels by time:
    D:13: 1028 daAuts
     D:4: 993 daAuts
    D:10: 965 daAuts
     D:9: 895 daAuts
    D:12: 862 daAuts
     D:1: 831 daAuts
     D:8: 803 daAuts
     D:3: 797 daAuts
    D:11: 780 daAuts
     D:6: 731 daAuts
     D:2: 680 daAuts
     D:7: 618 daAuts
     D:5: 577 daAuts
    D:14: 445 daAuts
 Ossuary: 182 daAuts
